AoeStats
← BigBlob

Enclosed

503988654Analyzed
1v1 RM · 28d ago on Sep 3, 2026· 55m 0s· 2 players
Game mode
Random Map
Map size
Tiny (2 player)
Population
200
Speed
Normal
Resources
Standard
Victory
Conquest
Starting age
Dark Age
Ending age
Imperial Age
RankedLock teamsTeams togetherTeam positionsShared explorationLock speedFull tech treeHidden civsTurbo modeCheats
Victory
Defeat
🇩🇪 Mongols · Germany
1277
+18
🇳🇴 Cumans · Norway
1313
-18
BigBlob
8:10 Feudal Age
6:29 Loom
17:52 Castle Age
16:06 Double-Bit Axe
17:02 Bloodlines
17:19 Horse Collar
17:34 Gold Mining
17:59 Pikeman
23:14 Forging
23:26 Husbandry
27:02 Bow Saw
28:28 Scale Barding Armor
35:44 Wheelbarrow
34:55 Town Watch
35:33 Fletching
37:33 Bodkin Arrow
38:17 Heavy Plow
39:56 Ballistics
40:53 Hand Cart
40:45 Stone Mining
41:02 Padded Archer Armor
41:54 Gold Shaft Mining
42:50 Stone Shaft Mining
45:30 Imperial Age
44:19 Town Patrol
47:16 Chemistry
46:18 Bracer
46:12 Elite Mangudai
47:10 Leather Archer Armor
47:16 Chain Barding Armor
46:54 Light Cavalry
47:35 Capped Ram
50:25 Iron Casting
50:34 Hussar
56:07 Blast Furnace
55:52 Conscription
vAtsokk
8:40 Feudal Age
10:20 Double-Bit Axe
10:46 Horse Collar
14:55 Loom
15:48 Wheelbarrow
16:28 Fletching
22:52 Castle Age
22:35 Bloodlines
23:32 Bodkin Arrow
27:16 Bow Saw
28:48 Scale Barding Armor
28:53 Forging
30:20 Hand Cart
30:12 Capped Ram
31:05 Town Watch
34:11 Chain Barding Armor
34:27 Iron Casting
38:00 Thumb Ring
40:00 Ballistics
44:08 Imperial Age
41:39 Town Patrol
42:03 Padded Archer Armor
44:35 Masonry
44:05 Elite Skirmisher
45:29 Leather Archer Armor
46:15 Blast Furnace
47:23 Conscription
47:28 Light Cavalry
48:46 Plate Barding Armor
48:43 Ring Archer Armor
48:25 Heavy Plow
49:27 Two-Man Saw
50:10 Chemistry
50:13 Parthian Tactics
49:08 Heavy Cavalry Archer
50:08 Hussar
50:58 Scale Mail Armor
51:31 Pikeman
51:57 Arson
53:05 Halberdier
53:45 Squires
Connection lost

Rejoining the realm…

Still unreachable

The connection could not be restored.

Session expired

The server has moved on; the page needs a fresh start.